 Dungeon Crawl Stone Soup version 0.29-a0-613-gf2c431b9b9 (webtiles) character file.

Game seed: 8976980861325101307

14 ytrimaz the Insei (level 2, 0/18 HPs)
             Began as an Octopode Transmuter on June 17, 2022.
             Succumbed to a goblin's poison
             ... on level 1 of the Dungeon.
             The game lasted 00:01:30 (395 turns).

ytrimaz the Insei (Octopode Transmuter)              Turns: 395, Time: 00:01:30

Health: 0/18       AC:  1    Str:  7    XL:     2   Next: 45%
Magic:  4/5        EV: 13    Int: 15    God:
Gold:   45         SH:  0    Dex: 10    Spells: 4/5 levels left

rFire   . . .      SeeInvis .     - Unarmed
rCold   . . .      Faith    .   (no shield)
rNeg    . . .      Spirit   .   (helmet currently unavailable)
rPois   .          Reflect  .   (no amulet)
rElec   .          Harm     .   (no ring)
rCorr   .          Rampage  .   (no ring)
Will    .....                   (no ring)
Stlth   ++........              (no ring)
HPRegen 0.06/turn               (no ring)
MPRegen 0.09/turn               (no ring)
                                (no ring)
                                (no ring)

@: lethally poisoned (0 -> -8), appendages (expiring)
A: tentacle spike 3, almost no armour, amphibious, 8 rings, camouflage 1,
gelatinous body 1, (nimble swimmer 1), tentacles, clumsy 1, passive freeze, weak
1
a: End Transformation


You were on level 1 of the Dungeon.
One of your tentacles had grown a beastly spike.
You visited 1 branch of the dungeon, and saw 1 of its levels.

You collected 45 gold pieces.

Inventory:

Scrolls
 b - a scroll of noise
Potions
 a - 2 potions of lignification


   Skills:
 - Level 1.0 Fighting
 - Level 2.0 Dodging
 + Level 3.8 Unarmed Combat
 - Level 2.0 Spellcasting
 - Level 2.0 Transmutations


You had 4 spell levels left.
You knew the following spells:

 Your Spells              Type           Power      Damage    Failure   Level
a - Beastly Appendage     Tmut           14%        N/A       10%         1

Your spell library contained the following spells:

 Spells                   Type           Power      Damage    Failure   Level
 Wereblood                Tmut           7%         N/A       14%         2
 Spider Form              Tmut/Pois      4%         N/A       41%         3
 Ice Form                 Ice/Tmut       4%         N/A       82%         4


Dungeon Overview and Level Annotations

Branches:
Dungeon (1/15)

Altars:


Innate Abilities, Weirdness & Mutations

One of your tentacles has grown a beastly spike.
You cannot wear most types of armour.
You are amphibious.
You can wear up to eight rings at the same time.
Your skin changes colour to match your surroundings (Stealth+).
Your rubbery body absorbs attacks. (AC +1, EV +1)
((You are camouflaged when in or above water. (Stealth+)))
You have tentacles for arms and can constrict up to eight enemies at once.
You are clumsy. (Dex -2)
A frigid envelope surrounds you and freezes all who hurt you.
You are weak. (Str -2)


Message History

As you read the scroll labelled LIUTSIWANG, it crumbles to dust.
It is a scroll of identify.
c - 2 potions of mutation You see here a giant cockroach corpse.
Your tentacle spike disappears.
Your surroundings suddenly seem different.
A rat comes into view.
A rat is nearby!
Really quaff the potion of mutation?
You feel extremely strange.
You feel weaker.
You feel yourself wasting away.
Really quaff the potion of mutation?
You feel extremely strange.
You feel stronger.
You feel healthier.
Your skin feels very cold.
You feel clumsy.
You feel weaker.
You are too injured to fight recklessly!
One of your tentacles grows a vicious spike.
The rat bites you but does no damage.
You tentacle-slap the rat but do no damage.
You grab the rat. You constrict the rat. The rat completely misses you.
You tentacle-slap the rat.
You kill the rat!
A rat comes into view.
The rat moves out of view.
Your transformation is almost over.
A goblin comes into view. It is wielding a +1 dagger of venom.
A goblin is nearby!
A goblin is nearby!
You extend your transformation's duration.
Your transformation is almost over.
The goblin hits you with a +1 dagger of venom.
You are lethally poisoned!
The goblin is very cold.
You kill the goblin!
* * * LOW HITPOINT WARNING * * *
You feel very sick.
Items here: ! $ ) †.
* * * LOW HITPOINT WARNING * * *
You feel very sick.
You die...

####### #####.....# #
#.........# #..
#######.........### ....
..................+ .....
..#########.....###......
................@..r.....
..############.#.#.......
..# #.......#.#..#.#+#
#.# #.......#)#### # #.#
#.......#......# ..##
#.......######## ...#
#............... ##.#
#.......######## .#.#
#.....>.#


You could see a rat.

Vanquished Creatures
  A dart slug (D:1)
  2 giant cockroaches (D:1)
  A goblin (D:1)
  2 hobgoblins (D:1)
  A quokka (D:1)
  2 frilled lizards (D:1)
  A kobold (D:1)
  2 rats (D:1)
12 creatures vanquished.

Notes
Turn   | Place    | Note
-------+----------+-------------------------------------------
     0 | D:1      | ytrimaz the Octopode Transmuter began the quest for the
                  | Orb.
     0 | D:1      | Reached XP level 1. HP: 13/13 MP: 3/3
   267 | D:1      | Reached XP level 2. HP: 17/18 MP: 3/5
   368 | D:1      | Gained mutation: You are weak. (Str -2) [potion of
                  | mutation]
   368 | D:1      | Gained mutation: Your body sometimes deteriorates upon
                  | taking damage. [potion of mutation]
   369 | D:1      | Lost mutation: You are weak. (Str -2) [potion of mutation]
   369 | D:1      | Lost mutation: Your body sometimes deteriorates upon taking
                  | damage. [potion of mutation]
   369 | D:1      | Gained mutation: A frigid envelope surrounds you and
                  | freezes all who hurt you. [potion of mutation]
   369 | D:1      | Gained mutation: You are clumsy. (Dex -2) [potion of
                  | mutation]
   369 | D:1      | Gained mutation: You are weak. (Str -2) [potion of
                  | mutation]
   395 | D:1      | Succumbed to a goblin's poison

Illustrated notes

Levels and vault maps discovered:
D:1:      evilmike_arrival_fibonacci_small, layout_basic

Action                   || total
-------------------------++-------
Melee: Unarmed           ||    24
       Kick              ||     4
       Constrict         ||     6
       Tentacles         ||     3
 Cast: Beastly Appendage ||     9
  Use: Scroll            ||     3
       Potion            ||     2
 Stab: Sleeping          ||     1
Armor: Skin              ||     2
Dodge: Dodged            ||    16

Table legend: (Time is in decaauts)
 A = Elapsed time spent in this place.
 B = Non-inter-level travel time spent in this place.
 C = Inter-level travel time spent in this place.
 D = Time resting spent in this place.
 E = Time spent auto-exploring this place.
 F = Levels seen in this place.
 G = Mean time per level.
                   A        B        C        D        E       F      G
               +--------+--------+--------+--------+--------+-----+--------+
         Total |    393 |    393 |      0 |      0 |    289 |   1 |  393.0 |
       Dungeon |    393 |    393 |      0 |      0 |    289 |   1 |  393.0 |
               +--------+--------+--------+--------+--------+-----+--------+

Top non-repeatable levels by time:
     D:1: 393 daAuts
